 Dungeon Crawl Stone Soup version 0.29-a0-322-g68df515428 (console) character file.

Game seed: 13378419488374896285

37 Ignak the Skirmisher (level 3, 0/55 HPs)
             Began as an Ogre Warper on Apr 6, 2022.
             Succumbed to an adder's poison
             ... on level 1 of the Dungeon.
             The game lasted 00:01:33 (1046 turns).

Ignak the Skirmisher (Ogre Warper)                  Turns: 1046, Time: 00:01:34

Health: 0/55       AC:  3    Str: 17    XL:     3   Next: 41%
Magic:  4/7        EV: 10    Int: 14    God:
Gold:   59         SH:  0    Dex: 14    Spells: 2/7 levels left

rFire   . . .      SeeInvis .   a - +0 mace
rCold   . . .      Faith    .   (no shield)
rNeg    . . .      Spirit   .   b - +0 robe
rPois   .          Reflect  .   (helmet restricted)
rElec   .          Harm     .   (no cloak)
rCorr   .          Rampage  .   (gloves unavailable)
Will    .....                   (boots unavailable)
Stlth   ..........              (no amulet)
HPRegen 0.18/turn               i - +6 ring of dexterity
MPRegen 0.10/turn               (no ring)

@: berserking, lethally poisoned (0 -> -6), very quick
A: large, unfitting armour, tough skin 1
a: no special abilities


You were on level 1 of the Dungeon.
You visited 1 branch of the dungeon, and saw 2 of its levels.

You collected 59 gold pieces.

Inventory:

Hand Weapons
 a - a +0 mace (weapon)
Missiles
 d - 7 boomerangs of dispersal (quivered)
Armour
 b - a +0 robe (worn)
Jewellery
 i - a +6 ring of dexterity (left hand)
Scrolls
 c - a scroll of blinking
 g - a scroll of vulnerability {unknown}
 h - 2 scrolls of fear {unknown}
 k - a scroll of summoning {unknown}
Potions
 e - a potion of might {unknown}
 j - a potion of heal wounds {unknown}


   Skills:
 + Level 3.3 Fighting
 + Level 2.1 Maces & Flails
 + Level 1.4 Throwing
 + Level 2.4 Dodging
 + Level 2.7 Spellcasting
 + Level 2.8 Translocations


You had 2 spell levels left.
You knew the following spells:

 Your Spells              Type           Power      Damage    Failure   Level
a - Teleport Other        Tloc           9%         N/A       21%         3
b - Blink                 Tloc           18%        N/A       11%         2

Your spell library contained the following spells:

 Spells                   Type           Power      Damage    Failure   Level
 Gell's Gravitas          Tloc           9%         N/A       21%         3
 Lesser Beckoning         Tloc           9%         N/A       21%         3
 Manifold Assault         Tloc           9%         N/A       88%         5


Dungeon Overview and Level Annotations

Branches:
Dungeon (2/15)

Altars:


Innate Abilities, Weirdness & Mutations

You are too large for most types of armour.
You have tough skin. (AC +1)


Message History

The adder bites you.
You are poisoned.
The adder poisons you!
You closely miss the adder.
You feel sick. The adder barely misses you.
You barely miss the adder.
You feel sick. The adder bites you. x2
You miss the adder.
You feel sick. The adder closely misses you. x2
You hit the adder but do no damage.
You feel sick. The adder barely misses you. The adder bites you.
* * * LOW HITPOINT WARNING * * *
You barely miss the adder.
You feel sick.
You are no longer poisoned.
The adder bites you but does no damage.
You hit the adder but do no damage. The adder bites you but does no damage.
The adder barely misses you.
You hit the adder.
The adder is heavily wounded.
The adder bites you but does no damage. The adder barely misses you.
You hit the adder.
The adder is almost dead.
The adder bites you but does no damage.
You miss the adder.
The adder is almost dead.
The adder bites you.
* * * LOW HITPOINT WARNING * * *
You are poisoned.
The adder poisons you! The adder closely misses you.
It was a potion of berserk rage.
A red film seems to cover your vision as you go berserk!
You feel yourself moving faster!
You feel mighty!
You feel sick. The adder bites you.
* * * LOW HITPOINT WARNING * * *
You are more poisoned.
The adder poisons you!
You closely miss the adder.
The adder is almost dead.
* * * LOW HITPOINT WARNING * * *
You feel sick. The adder barely misses you.
You closely miss the adder.
The adder is almost dead.
You die...

# #.# #.#.# #.# #####
#.# #.#.# #.# ....#
#.###.#.# #.# ###.#
#.##....# #.# #.#
#.##..### #.# #.#
#.##..# #.# #.#
#.##..# #.# #.#
#.##..######.# #.#
#......SS@...#
###.######.....######
...............>##
###.####.........#
##.## #...>....##
#...# #.#.....##
##.#.###..#[..##
#..............#
#.##########.#.#######


You could see an adder and a ball python.

Vanquished Creatures
  A dart slug (D:1)
  3 endoplasms (D:1)
  4 goblins (D:1)
  2 hobgoblins (D:1)
  7 jackals
  A quokka (D:1)
  3 bats (D:1)
  7 frilled lizards (D:1)
  A kobold (D:2)
  4 rats (D:1)
33 creatures vanquished.

Vanquished Creatures (others)
  A plant (D:2)
1 creature vanquished.

Grand Total: 34 creatures vanquished

Notes
Turn   | Place    | Note
-------+----------+-------------------------------------------
     0 | D:1      | Ignak the Ogre Warper began the quest for the Orb.
     0 | D:1      | Reached XP level 1. HP: 22/22 MP: 3/3
   128 | D:1      | Reached skill level 3 in Fighting
   128 | D:1      | Reached XP level 2. HP: 28/31 MP: 3/5
   436 | D:1      | Learned a level 2 spell: Blink
   572 | D:1      | Reached XP level 3. HP: 37/37 MP: 6/6
   576 | D:1      | Learned a level 3 spell: Teleport Other
   620 | D:1      | Found a faded altar of an unknown god.
  1045 | D:1      | HP: 1/55 [poisoned by an adder]
  1046 | D:1      | Succumbed to an adder's poison

Illustrated notes

Levels and vault maps discovered:
D:1:      lemuel_arrival_behind_the_door_small, layout_loops_ring,
          chequers_ecumenical_altar_grove, minivault_25
D:2:      minmay_chambers_of_ones, layout_rooms, serial_forest,
          infiniplex_forest_split, infiniplex_forest_lined_4_way,
          infiniplex_forest_clump_diagonal, infiniplex_forest_lined_4_way,
          infiniplex_forest_straight_3, infiniplex_forest_end_double

Skill      XL: |  1  2 |
---------------+-------+-----
Fighting       | 3 |  3.3
Maces & Flails | 2 |  2.1
Throwing       | |  1.4
Dodging        | |  2.4
Spellcasting   | |  2.7
Translocations | |  2.8

Action                   || total
-------------------------++-------
Melee: Mace              ||    89
 Cast: Teleport Other    ||     1
       Blink             ||     1
  Use: Potion            ||     1
 Stab: Sleeping          ||     2
Armor: Robe              ||    43
Dodge: Dodged            ||    47

Table legend: (Time is in decaauts)
 A = Elapsed time spent in this place.
 B = Non-inter-level travel time spent in this place.
 C = Inter-level travel time spent in this place.
 D = Time resting spent in this place.
 E = Time spent auto-exploring this place.
 F = Levels seen in this place.
 G = Mean time per level.
                   A        B        C        D        E       F      G
               +--------+--------+--------+--------+--------+-----+--------+
         Total |   1071 |   1025 |     46 |      0 |    735 |   2 |  535.5 |
       Dungeon |   1071 |   1025 |     46 |      0 |    735 |   2 |  535.5 |
               +--------+--------+--------+--------+--------+-----+--------+

Top non-repeatable levels by time:
     D:1: 1056 daAuts
     D:2: 15 daAuts
